 Dungeon Crawl Stone Soup version 0.31.0-4-g52a2dc7128 (webtiles) character file.

Game seed: 1659894307659392235

1376 Pooter the Cleaver (level 8, -1/71 HPs)
             Began as a Minotaur Fighter on Jan 22, 2024.
             Was an Initiate of Trog.
             Slain by a troll (8 damage)
             ... on level 7 of the Dungeon on Jan 23, 2024.
             The game lasted 00:29:21 (4856 turns).

Pooter the Cleaver (Minotaur Fighter)               Turns: 4856, Time: 00:29:22

Health: -1/71      AC: 15    Str: 23    XL:     8   Next: 39%
Magic:  10/10      EV:  8    Int:  5    God:    Trog [......]
Gold:   151        SH:  0    Dex: 10    Spells: 6/7 levels left

rFire   + . .        a - +1 war axe (heavy)
rCold   . . .        (no shield)
rNeg    . . .        j - +3 chain mail
rPois   .            (helmet restricted)
rElec   .            (no cloak)
rCorr   .            x - +2 pair of gloves
SInv    .            (no boots)
Will    .....        (no amulet) Stlth
                     F - ring of protection from fire
HPRegen 0.31/turn    (no ring)
MPRegen 0.12/turn

%: no passive effects
@: no status effects
A: horns 2, retaliatory headbutt
a: Renounce Religion


You were on level 7 of the Dungeon.
You worshipped Trog.
Trog was noncommittal.
You visited 1 branch of the dungeon, and saw 7 of its levels.

You collected 331 gold pieces.
You spent 180 gold pieces at shops.

Inventory:

Hand Weapons
 a - a +1 heavy war axe (weapon)
 b - a +1 heavy orcbow
   (You took it off a centaur on level 6 of the Dungeon)
 e - a +0 morningstar
   (You took it off Terence on level 2 of the Dungeon)
 E - a +0 sling
   (You found it on level 2 of the Dungeon)
Missiles
 l - 5 boomerangs (quivered)
 Q - 47 stones
Armour
 c - a +0 buckler
 j - a +3 chain mail (worn)
   (You found it on level 1 of the Dungeon)
 x - a +2 pair of gloves (worn)
   (You found it on level 5 of the Dungeon)
Jewellery
 i - a ring of ice
   (You found it on level 6 of the Dungeon)
 F - a ring of protection from fire (left hand)
   (You found it on level 5 of the Dungeon)
Wands
 w - a wand of roots (7)
   (You found it on level 5 of the Dungeon)
Scrolls
 m - 3 scrolls of revelation
 o - 2 scrolls of silence
 p - 2 scrolls of noise {!r}
 q - a scroll of poison {!r}
 r - 2 scrolls of vulnerability {!r}
 s - a scroll of summoning
 t - 6 scrolls of teleportation {@r4}
 y - a scroll of fog
 C - 2 scrolls of amnesia {unknown}
 D - a scroll of fear {unknown}
Potions
 d - a potion of might
 g - 3 potions of heal wounds {@q2}
 h - 6 potions of curing {@q1}
 k - 2 potions of brilliance
 n - a potion of invisibility
 u - a potion of lignification {unknown}
 v - a potion of degeneration {unknown}
 z - a potion of haste {unknown}
 A - a potion of cancellation {unknown}
 B - a potion of mutation {unknown}


   Skills:
 + Level 6.8 Fighting
 * Level 8.4 Axes
 * Level 0.9 Ranged Weapons
 - Level 3.6 Armour
 - Level 3.6 Shields
 - Level 3.0 Translocations
 - Level 4.0 Invocations


You had 6 spell levels left.
You knew the following spells:

 Your Spells              Type           Power      Damage    Failure   Level
c - Apportation           Tloc           6%         N/A       67%         1

Your spell library contained the following spells:

 Spells                   Type           Power      Damage    Failure   Level
 Necrotise                Necr           0%         1d4       97%         1
 Sting                    Conj/Alch      0%         1d3       97%         1
 Summon Small Mammal      Summ           0%         N/A       97%         1
 Ensorcelled Hibernation  Hex/Ice        0%         N/A       99%         2
 Passwall                 Erth           0%         N/A       100%        3
 Swiftness                Air            0%         N/A       100%        3
 Vhi's Electric Charge    Tloc/Air       2%         N/A       100%        4
 Arcjolt                  Conj/Air       0%         1d10      100%        5
 Plasma Beam              Fire/Air       0%         2x1d10    100%        6
 Maxwell's Capacitive Co  Air            0%         ∞         100%        8


Dungeon Overview and Level Annotations

Branches:
Dungeon (7/15) Zot: 26906
 Temple: D:4-7

Altars:
Ashenzari
Cheibriados
Nemelex Xobeh
Ru
Sif Muna
Trog
Uskayaw
Yredelemnul
Zin
The Shining One

Shops:
D:2 *   D:3 ?


Innate Abilities, Weirdness & Mutations

You have a pair of horns on your head.
You reflexively headbutt those who attack you in melee.


Message History

A shadow imp comes into view.
Found 12 gold pieces.
You shoot an arrow. The arrow barely misses the shadow imp.
You shoot an arrow. The arrow hits the shadow imp!
You kill the shadow imp!
Trog accepts your kill.
You now have 138 gold pieces (gained 12).
Found 13 gold pieces.
Found a stone staircase leading up.
Found a stone staircase leading down.
You now have 151 gold pieces (gained 13).
A troll comes into view.
The troll shouts!
You shoot an arrow. The arrow hits the troll!
You shoot an arrow. The arrow barely misses the troll.
The troll bites you.
The troll claws you but does no damage. x2; The troll bites you.
The troll claws you but does no damage. The troll barely misses you.
a - a +1 heavy war axe (weapon)
You hit the troll. Your headbutt misses the troll. The troll bites you.
The troll claws you. The troll barely misses you.
The troll bites you but does no damage. The troll claws you but does no damage.
The troll claws you.
You closely miss the troll. The troll bites you but does no damage.
The troll claws you! The troll claws you but does no damage.
You closely miss the troll. The troll barely misses you.
You furiously retaliate!
You headbutt the troll, but do no damage.
The troll claws you. x2; The troll barely misses you.
The troll claws you. The troll claws you but does no damage.
You are too injured to fight recklessly!
You hit the troll. You punch the troll, but do no damage. The troll bites you.
* * * LOW HITPOINT WARNING * * *
The troll claws you but does no damage. x2; The troll barely misses you.
The troll claws you.
* * * LOW HITPOINT WARNING * * *
The troll claws you but does no damage.
You barely miss the troll. The troll bites you!
* * * LOW HITPOINT WARNING * * *
The troll claws you.
* * * LOW HITPOINT WARNING * * *
The troll claws you but does no damage.
You hit the troll but do no damage. The troll bites you.
* * * LOW HITPOINT WARNING * * *
The troll claws you but does no damage. x2; The troll barely misses you.
The troll claws you.
* * * LOW HITPOINT WARNING * * *
The troll claws you!
* * * LOW HITPOINT WARNING * * *
You closely miss the troll. You headbutt the troll! The troll bites you!
You die...

## ## .. ..
###.#.# # ...#.###
#.# #.##..#...#
#.# #..<.>#...#
#.# ######
#....T....# #.#
#..... #@.# #.#
#..... #..#### #.#
#.....
#.....###.###.....
#.###.............
#.#.......###.....
#.#.####### #.....
#.#. ###### #.#
#.#


You could see a troll.

Vanquished Creatures
  3 black bears
  2 centaurs (D:6)
  A phantom (D:5)
  A bullfrog (D:6)
  2 scorpions
  3 wights (D:6)
  A bombardier beetle (D:5)
  2 jellies (D:6)
  A hound (D:6)
  3 iguanas
  A sleepcap (D:7)
  Terence (D:2)
  11 gnolls
  6 adders
  A shadow imp (D:7)
  An adder zombie (D:3)
  5 dart slugs
  3 ribbon worms (D:2)
  2 orcs
  10 bats
  5 endoplasms
  5 giant cockroaches
  6 goblins
  4 hobgoblins
  14 jackals
  7 kobolds
  4 quokkas
  6 ball pythons
  2 ball python zombies (D:3)
  6 frilled lizards
  A quokka zombie (D:3)
  2 rats
122 creatures vanquished.

Notes
Turn   | Place    | Note
-------+----------+-------------------------------------------
     0 | D:1      | Pooter the Minotaur Fighter began the quest for the Orb.
     0 | D:1      | Reached XP level 1. HP: 19/19 MP: 0/0
    28 | D:1      | Reached skill level 3 in Axes
    38 | D:1      | Reached XP level 2. HP: 27/27 MP: 1/1
   355 | D:1      | Reached XP level 3. HP: 33/33 MP: 2/2
   384 | D:1      | Learned a level 1 spell: Apportation
   877 | D:2      | Found Xeitheri's Assorted Antiques.
   877 | D:2      | Found a basalt altar of Yredelemnul.
   877 | D:2      | Noticed Terence
   884 | D:2      | Killed Terence
   885 | D:2      | Reached skill level 4 in Axes
   913 | D:2      | Bought a scroll labelled MUROYM MOCLI for 20 gold pieces
   913 | D:2      | Bought a scroll labelled CETOUBREMA for 20 gold pieces
   952 | D:2      | Found a faded altar of an unknown god.
   973 | D:2      | Prayed at the altar of an unknown god.
   973 | D:2      | Became a worshipper of the Shining One
   973 | D:2      | Reached * piety under the Shining One
  1018 | D:2      | Reached XP level 4. HP: 41/41 MP: 3/3
  1545 | D:3      | Found Duitzi's Magic Scroll Boutique.
  1775 | D:3      | Bought 3 scrolls of identify for 60 gold pieces
  1775 | D:3      | Bought a scroll of identify for 20 gold pieces
  1888 | D:3      | Reached skill level 1 in Translocations
  1890 | D:3      | Reached skill level 1 in Invocations
  1890 | D:3      | Reached XP level 5. HP: 47/47 MP: 4/4
  1994 | D:3      | Reached skill level 5 in Axes
  2011 | D:3      | Found a basalt altar of Yredelemnul.
  2286 | D:4      | Reached skill level 5 in Fighting
  2603 | D:3      | Bought a scroll of identify for 20 gold pieces
  2603 | D:3      | Bought a scroll of identify for 20 gold pieces
  2703 | D:4      | Noticed a black bear
  2709 | D:4      | Killed a black bear
  2710 | D:4      | Reached XP level 6. HP: 56/56 MP: 6/6
  2820 | D:3      | Bought a scroll of identify for 20 gold pieces
  3002 | D:4      | Found a snail-covered altar of Cheibriados.
  3002 | D:4      | Found a shimmering blue altar of Sif Muna.
  3232 | D:5      | Entered Level 5 of the Dungeon
  3254 | D:5      | Reached skill level 6 in Axes
  3312 | D:5      | Found a broken altar of Ashenzari.
  3454 | D:5      | Reached XP level 7. HP: 61/62 MP: 6/8
  3625 | D:5      | Reached ** piety under the Shining One
  3776 | D:4      | Found a hide-covered altar of Uskayaw.
  3776 | D:4      | Found a bloodstained altar of Trog.
  3823 | D:6      | Found a sparkling altar of Nemelex Xobeh.
  3906 | D:6      | Reached skill level 7 in Axes
  4020 | D:6      | Reached XP level 8. HP: 47/71 MP: 9/9
  4202 | D:5      | Reached skill level 8 in Axes
  4378 | D:6      | Found a glowing silver altar of Zin.
  4423 | D:4      | Fell from the grace of the Shining One
  4423 | D:4      | Became a worshipper of Trog the Wrathful
  4589 | D:6      | Found a sacrificial altar of Ru.
  4846 | D:7      | Noticed a troll
  4856 | D:7      | Slain by a troll

Illustrated notes

Levels and vault maps discovered:
D:1:      noname_arrival_rooms_in_the_neighbourhood, layout_rooms
D:2:      layout_rooms, basic_ecumenical_altar, basic_altar, serial_shops,
          nicolae_shop_tiny_waterfront, kennysheep_cluttered_room,
          nrook_campfire, uniq_terence
D:3:      layout_rooms, nicolae_yredelemnul_corpse_copse, serial_shops,
          nicolae_shop_hallway_stairs
D:4:      layout_loops_ring, nicolae_overflow_two_pavilions,
          nicolae_overflow_hidden_temple, amcnicky_mini_rare_corridor_liquid
D:5:      layout_rooms, mainiacjoe_overflow_small_starburst, dk_vineyard_2
D:6:      layout_rooms, nemelex_xobeh_ov_fountains_minmay,
          nicolae_ru_the_path_less_chosen, mainiacjoe_overflow_boulevard
D:7:      layout_basic, mainiacjoe_overflow_alcove_4,
          nicolae_qazlal_scattered_showers, minmay_temple_entry_offerings,
          kennysheep_dice

Skill      XL: |  1  2  3  4  5  6  7  8 |
---------------+-------------------------+-----
Axes           | 3 4 5 6 7 8 |  8.4
Fighting       | 4 5 6 |  6.8
Translocations | 1 2 3 |  3.0
Invocations    | 1 2 3 4 |  4.0
Ranged Weapons | |  0.9
Armour         | |  3.6
Shields        | |  3.6

Action                     |  1- 3 |  4- 6 |  7- 9 || total
---------------------------+-------+-------+-------++-------
  Melee: War axe           |    69 |    59 |    41 ||   169
         Headbutt          |     9 |     6 |     9 ||    24
         Punch             |       |       |     1 ||     1
   Fire: Sling             |    14 |    78 |    10 ||   102
         Orcbow            |       |       |     8 ||     8
         Shortbow          |       |       |     2 ||     2
  Throw: Stone             |     3 |       |       ||     3
         Boomerang         |       |     6 |     5 ||    11
    Use: Scroll            |     7 |     9 |     4 ||    20
 Armour: Scale mail        |    55 |       |       ||    55
         Chain mail        |    15 |    65 |    99 ||   179
  Dodge: Dodged            |    44 |    39 |    31 ||   114
  Block: Buckler           |    13 |    27 |     4 ||    44
